[Event "57th Biel Festival MTO 2024"]
[White "Kalogridis,Antonios"]
[Black "Tarini Goyal"]
[Site "Biel"]
[Round "1.33"]
[Annotator "TA"]
[Result "1-0"]
[Date "2024.07.15"]
[WhiteElo "2391"]
[BlackElo "2079"]
[PlyCount "145"]
[TimeControl "60"]

1. d4 d5 2. c4 e6 3. Nc3 Nf6 4. cxd5 exd5 5. Bg5 Be7 6. e3 c6 7. Bd3 Nbd7 8. h3 {[%emt 0:0:16] is cutting edge theory. D35: Queen's Gambit Declined: Exchange Variation.} Nf8 9. Bf4 Ne6 10. Be5 Bd6 11. Nf3 O-O 12. O-O g6 $146 ({Predecessor:} 12... Re8 13. a3 a5 14. Rc1 g6 15. Na4 Bxe5 16. Nxe5 Nd7 17. f4 Ng7 18. Qb3 Re7 {1-0 Suarez Gomez,J (2477)-Cuenca Jimenez,J (2493) Madrid-A 2024 (5)} )13. Bxd6 Qxd6 14. Ne5 Ng7 15. g4 Nd7 16. f4 f6 17. Nf3 b5 18. Qd2 Nb6 19. b3 a5 20. a4 b4 21. Nd1 Bd7 22. Nf2 Ne6 23. Kg2 Rae8 24. Rac1 Kh8 25. Rg1 Re7 26. Kh1 Be8 27. f5 gxf5 28. Bxf5 Ng7 29. Bb1 f5 30. Ne5 Qh6 31. Rg3 f4 32. exf4 Qxf4 33. Rf3 Qxf3+ 34. Nxf3 Rxf3 35. Kg2 (35. Qh6 $142 Ne6 36. Bf5 (36. Bxh7 Rxh7 37. Qxe6 Bd7 $18 )Rxf2 37. Qh4 (37. Bxe6 Rg7 $18 ))Rf6 36. Nd3 Nd7 37. Nf4 Ne6 38. Ne2 Ng5 $2 (38... Bg6 39. Bxg6 hxg6 )39. Ng3 $2 (39. Qxg5 $18 {is more deadly.} Rxe2+ 40. Kg1 )Nf3 $16 40. Qc2 ({Better is} 40. Qb2 $16 {And now Nf5 would win.} Nh4+ 41. Kh2 Nf3+ 42. Kh1 )Nh4+ $11 41. Kh1 Bg6 $2 (41... Rf3 $1 $11 {and Black is okay.} 42. Rg1 Bg6 43. Qxc6 (43. Qc1 $2 Bxb1 44. Qg5 Ng6 $19 )Bxb1 44. Qa8+ Rf8 45. Qxd5 Bd3 )42. Qd2 $18 Nf3 43. Qf2 Ng5 44. Nf5 Bxf5 45. Bxf5 Ne4 46. Qh4 Ref7 47. Re1 Nf8 48. Kg2 Ng6 49. Bxg6 Rxg6 50. Rf1 Rxf1 51. Kxf1 Rf6+ 52. Ke2 Kg7 53. Ke3 Nd6 $2 (53... h6 54. Qe1 Ng5 )54. Qg5+ $18 Kf7 55. Qh5+ Kg7 56. g5 Re6+ 57. Kd3 Ne4 58. h4 Nf2+ (58... Rg6 $142 59. Qf3 h6 60. gxh6+ Rxh6 61. Qg4+ Rg6 62. Qd7+ Kh6 )59. Kc2 $18 Ne4 60. Qg4 Re7 61. Qc8 Nc3 62. Kd3 Rf7 63. Qxc6 Rf3+ 64. Kd2 Ne4+ 65. Ke2 Rxb3 66. Qh6+ (66. Qxd5 Nc3+ 67. Kf3 Nxd5+ 68. Ke4 Re3+ (68... Nc3+ 69. Kf4 Rb1 70. h5 b3 71. h6+ Kg6 72. Ke5 b2 73. Kd6 Re1 74. Kc7 b1=Q 75. d5 Nxd5+ 76. Kd6 Qc2 77. Kxd5 Rd1+ 78. Ke6 Qe4# )69. Kxd5 b3 70. Kc6 b2 71. h5 b1=Q (71... b1=B $2 72. d5 $19 )72. Kd6 Qb8+ 73. Kd7 Qb6 (73... Qb7+ 74. Kd6 Kf7 75. d5 Qb6+ 76. Kd7 Re7+ 77. Kc8 Qc7# )74. d5 Kf8 (74... Qb7+ 75. Kd6 Qb6+ 76. Kd7 Kf8 77. d6 Qb7+ 78. Kd8 Re8# )75. d6 Qb7+ 76. Kd8 Re8# )Kg8 67. Qe6+ Kg7 68. h5 (68. Qxd5 {gets mated.} Nc3+ 69. Kf3 Nxd5+ 70. Ke4 Rc3 (70... Nc3+ {is a self mate.} 71. Kf4 Rb1 72. g6 b3 73. gxh7 Rf1+ 74. Ke5 b2 75. Kd6 b1=Q 76. h8=B+ Kxh8 77. d5 Qb6+ 78. Kd7 Rf7+ 79. Ke8 Rh7 80. Kf8 Qd8# )71. Kxd5 b3 72. Ke5 b2 (72... Re3+ {leads to mate.} 73. Kf4 Re8 74. Kg4 b2 75. h5 b1=Q 76. h6+ Kg6 77. Kh3 Qd3+ 78. Kg2 Re2+ 79. Kh1 Qd1# )73. h5 b1=Q (73... b1=B $2 74. Ke6 $19 )74. h6+ Kg6 75. Kd6 Qb6+ (75... Kxg5 76. Ke6 Qe4+ 77. Kd7 Kf6 78. Kd8 Qe7# )76. Ke5 Re3+ (76... Kxg5 $2 77. Kd5 Qc6+ 78. Ke5 Re3# )77. Kd5 Kxg5 78. Kc4 Qc6# )Ng3+ 69. Kd1 Rd3+ 70. Kc2 Rc3+ 71. Kb2 Ne4 72. Qe7+ Kg8 73. h6 1-0

[Event "57th Biel Festival MTO 2024"]
[White "Borner,Daniel"]
[Black "Vantika Agrawal"]
[Site "Biel"]
[Round "1.34"]
[Annotator "TA"]
[Result "0-1"]
[Date "2024.07.15"]
[WhiteElo "2075"]
[BlackElo "2390"]
[PlyCount "62"]
[TimeControl "60"]

1. e4 c5 2. Nf3 d6 3. d4 cxd4 4. Nxd4 Nf6 5. Nc3 a6 6. Bc4 e6 7. Bb3 b5 8. f3 Be7 9. Be3 O-O 10. Qd2 Bb7 11. O-O-O Nbd7 12. g4 Nc5 13. h4 (13. g5 $11 Nfd7 14. h4 )b4 $15 14. Nce2 {[%emt 0:10:15] [#]} (14. Na4 $15 )a5 (14... d5 $142 $1 15. g5 (15. Qxb4 $2 Nd3+ 16. cxd3 Bxb4 $19 )Nh5 )15. Kb1 (15. Bc4 $17 {keeps fighting.} )Nfd7 $19 16. Bc4 {[%emt 0:5:40] [#]} Ne5 $1 17. Bd3 (17. Bb5 $17 )d5 $1 (17... Bxh4 18. g5 Ng6 19. Rdg1 $15 )18. exd5 Ncxd3 (18... Qxd5 19. Nf4 Qd8 20. Be2 $17 )19. cxd3 Qxd5 (19... Bxh4 20. g5 (20. dxe6 Bxf3 21. Nxf3 Nxf3 $15 )Ng6 21. dxe6 $14 )20. Nf4 Qd7 (20... Nxf3 21. Qf2 Qd6 22. Nxf3 $11 )21. Qf2 (21. Rhf1 $142 )Nxg4 22. fxg4 Bxh1 23. Rxh1 e5 $1 24. Nf5 exf4 25. Bd4 Rfd8 26. Qxf4 Bf6 27. Bxf6 Qxd3+ (27... gxf6 $2 28. Rd1 Qa4 29. Rc1 $18 )28. Ka1 {[%emt 0:0:33] [#] Black must now prevent Ne7+.} Qd1+ $3 29. Qc1 Qxc1+ (29... Qxg4 $2 {loses.} 30. Nh6+ (30. Bxd8 Qxf5 31. Qd2 Rc8 $18 )(30. Nxg7 Rac8 $18 )gxh6 31. Rg1 $18 )30. Rxc1 gxf6 31. Kb1 Kf8 {[%emt 0:0:44] Weighted Error Value: White=0.32/Black=0.04 (flawless) .  Mistake:       	White=5     	Black=1      Inaccurate:     	White=1     	---        OK:         	White=2     	Black=17     Best:        	White=2     	Black=1      Strong:       	---       	Black=1} 0-1

[Event "57th Biel Festival MTO 2024"]
[White "Thavandiran,Shiyam"]
[Black "Fronda,Jan Jodilyn"]
[Site "Biel"]
[Round "1.35"]
[Annotator "RC"]
[Result "1-0"]
[Date "2024.07.15"]
[WhiteElo "2387"]
[BlackElo "2072"]
[PlyCount "115"]
[TimeControl "60"]

1. e4 c5 2. Nf3 d6 3. d4 cxd4 4. Nxd4 Nf6 5. f3 a6 6. c4 g6 7. Nc3 Bg7 8. Be3 Nc6 9. Qd2 Bd7 10. Be2 Rc8 11. O-O O-O 12. Rfd1 Nxd4 13. Bxd4 Bc6 14. b4 Bd7 15. Rac1 Be6 16. Na4 Nd7 17. Be3 Qc7 18. Nc3 Qb8 19. Nd5 Bxd5 20. Qxd5 Rfd8 21. Kh1 Qc7 22. Qd2 b6 23. f4 a5 24. a3 axb4 25. axb4 Ra8 26. Bf3 Ra3 27. c5 bxc5 28. bxc5 Nf8 29. Bg1 Qb8 30. c6 Rc8 31. Rb1 Rb3 32. Qc2 Rb2 33. Rxb2 Qxb2 34. Qxb2 Bxb2 35. Rb1 Bf6 36. Rb5 e5 37. fxe5 Bxe5 38. Rb6 Ne6 39. Bg4 Rc7 40. Rb8+ Kg7 41. Bxe6 Rxc6 42. Bd5 Rc1 43. Rb4 h5 44. Rc4 Rb1 45. g3 h4 46. gxh4 f5 47. Rc7+ Kh6 48. Kg2 Rb2+ 49. Kh3 f4 50. Bg8 g5 51. Rh7+ Kg6 52. h5+ Kf6 53. Rf7+ Ke6 54. Rg7+ Kf6 55. Rf7+ Ke6 56. Rc7+ Kf6 57. Bd5 g4+ 58. Kh4 1-0

[Event "57th Biel Festival MTO 2024"]
[White "Haugner,Jan"]
[Black "Boldoo,Erdenepurev"]
[Site "Biel"]
[Round "1.36"]
[Annotator "TA"]
[Result "0-1"]
[Date "2024.07.15"]
[WhiteElo "2072"]
[BlackElo "2385"]
[PlyCount "80"]
[TimeControl "60"]

1. e4 c5 2. Nf3 e6 3. d4 cxd4 4. Nxd4 Nc6 5. Bf4 d6 6. Nxc6 bxc6 7. Bd3 e5 8. Be3 {[%emt 0:0:4] The position is equal.} Be7 9. O-O Bg5 10. Qd2 Bxe3 11. Qxe3 Nf6 12. c4 O-O 13. Nc3 Be6 14. Rfd1 c5 (14... Qb6 $11 )15. Qe2 Qa5 16. a3 Rab8 17. Rdb1 Nd7 {[%emt 0:3:32] [#]} 18. b4 $1 Qc7 19. b5 Qa5 20. Nd1 Nb6 21. Ne3 a6 {[%emt 0:4:26] [#]} 22. a4 $1 Ra8 (22... Rfd8 23. h4 )23. Qe1 (23. Qd1 $16 )Qxe1+ 24. Rxe1 a5 25. Kf1 g6 26. g4 Kg7 27. Ke2 h5 28. h3 ({White should try} 28. g5 $11 )hxg4 29. hxg4 Rh8 30. Kd2 Rh2 31. Rf1 Kf6 32. Kc3 Kg5 (32... Rah8 $15 33. Be2 Kg5 )33. f3 (33. Bc2 $11 {keeps the balance.} )Rah8 $17 {[%emt 0:2:16] Black is much more active.} 34. Bc2 (34. Rfe1 $17 )Kf4 $19 35. Nd5+ (35. Rae1 {was necessary.} )Bxd5 36. cxd5 R8h3 37. Bd1 Rg2 38. Ra3 (38. Bc2 $142 )Rxg4 {[%emt 0:0:39] ...Rg2 is the strong threat. Black is clearly winning.} 39. Kc2 Rg2+ 40. Kc1 Rhh2 {[%emt 0:0:21] Weighted Error Value: White=0.46/Black=0.22 (precise) .  Mistake:       	White=6     	Black=2      Inaccurate:     	White=4     	Black=3      OK:         	White=10    	Black=12     Best:        	---       	Black=3      Brilliant:      	White=1     	---} 0-1

[Event "57th Biel Festival MTO 2024"]
[White "Chinguun,Sumiya"]
[Black "Panda,Barnabas"]
[Site "Biel"]
[Round "1.37"]
[Annotator "RC"]
[Result "1-0"]
[Date "2024.07.15"]
[WhiteElo "2348"]
[BlackElo "2074"]
[PlyCount "63"]
[TimeControl "60"]

1. e4 c5 2. Nc3 Nc6 3. Bb5 Nd4 4. Nf3 g6 5. Nxd4 cxd4 6. Ne2 Bg7 7. O-O e6 8. d3 a6 9. Ba4 Ne7 10. f3 b5 11. Bb3 O-O 12. a4 Bb7 13. Bf4 d6 14. Qd2 Qd7 15. Bh6 e5 16. Ng3 Kh8 17. Bxg7+ Kxg7 18. Qg5 Ng8 19. f4 f6 20. Qh4 Nh6 21. Rf3 Qg4 22. Nf5+ gxf5 23. Rg3 exf4 24. Rxg4+ fxg4 25. Qf2 Nf7 26. Bxf7 Rxf7 27. axb5 axb5 28. Rxa8 Bxa8 29. Qxf4 h5 30. Qxd6 Bb7 31. Qxd4 Bc6 32. Qc5 1-0

[Event "57th Biel Festival MTO 2024"]
[White "Perreard,Nicolas"]
[Black "Dotzer,Lukas"]
[Site "Biel"]
[Round "1.38"]
[Annotator "TA"]
[Result "0-1"]
[Date "2024.07.15"]
[WhiteElo "2060"]
[BlackElo "2369"]
[PlyCount "90"]
[TimeControl "60"]

1. d4 Nf6 2. c4 e6 3. Nf3 d5 4. Nc3 c6 5. e3 Nbd7 6. Bd3 dxc4 7. Bxc4 b5 8. Be2 Be7 9. e4 b4 10. e5 bxc3 11. exf6 {[%emt 0:0:4] The position is equal.} Bxf6 12. bxc3 O-O 13. O-O c5 14. Rb1 {[%emt 0:2:45] Wards off Bb7} Qa5 15. Qc2 Ba6 16. Bxa6 Qxa6 17. Ng5 Bxg5 18. Bxg5 cxd4 19. cxd4 Rfc8 20. Qd2 Nb6 21. Be7 Nd5 22. Bc5 Rab8 23. h3 Rb7 24. Rb3 Rxb3 25. axb3 Rb8 26. Rb1 Rb5 27. Qg5 {[%emt 0:4:0][%cal Rg5d8] [#]} h6 28. Qd8+ Kh7 29. Qd7 Rb7 30. Qc8 Nf4 {[%emt 0:5:53][%cal Oa6d3] ...Qd3! is the strong threat.} 31. Kh2 Qb5 32. Bd6 Nd5 33. Qc2+ g6 34. Qc8 Rd7 (34... Qb6 $11 35. Bg3 g5 )35. Bf8 ({White should play} 35. Qf8 $14 Qb6 36. Be5 )Rc7 (35... Qb7 $15 36. Qxb7 Rxb7 )36. Qd8 $11 Qd3 37. Qh4 h5 {[%emt 0:0:31] Active counter play!} (37... Qxb1 38. Qxh6+ Kg8 39. Qg7# )38. Ra1 Qf5 39. Bd6 (39. Ra2 {seems wilder.} Rc1 40. Bd6 Nc3 41. Ra5 )Rc2 40. Kg1 Nc3 ({Better is} 40... a6 $15 )41. Be5 a5 42. f3 (42. Rxa5 Rc1+ 43. Kh2 Ne2 (43... Qb1 $2 44. Bf4 $19 )(43... Qb1 $2 44. Bf4 $19 ))Ne2+ 43. Kh1 {[%emt 0:0:0][%cal Oh4d8] And now Qd8! would win.} Ra2 44. Rc1 (44. Rxa2 $2 {is a self mate.} Qb1+ )Rd2 {[%emt 0:4:37] [#]} 45. Qd8 $2 Qxe5 {[%emt 0:0:27] Weighted Error Value: White=0.20 (precise) /Black=0.13 (very precise) .  Loses game:     	White=1     	---        Mistake:       	White=2     	Black=3      Inaccurate:     	White=3     	Black=6      OK:         	White=18    	Black=17     Best:        	White=4     	Black=1} ({Worse is} 45... Nxc1 46. Qh8# )0-1

[Event "57th Biel Festival MTO 2024"]
[White "Rosen,Eric"]
[Black "Udipi,Kala Kishan"]
[Site "Biel"]
[Round "1.39"]
[Annotator "TA"]
[Result "1-0"]
[Date "2024.07.15"]
[WhiteElo "2361"]
[BlackElo "2051"]
[PlyCount "81"]
[TimeControl "60"]

1. d4 d5 2. Bf4 Nf6 3. e3 c5 4. Nf3 e6 5. Nbd2 Bd6 6. Bb5+ Nc6 7. Bg3 O-O 8. c3 {[%emt 0:0:33] The position is equal.} a6 9. Bxc6 bxc6 10. Qa4 Bb7 11. Bxd6 Qxd6 12. Qa3 Nd7 {[%emt 0:5:51] Prevents Ne5} 13. Nb3 {[%emt 0:0:45] Black is on the road to losing.} e5 {[%emt 0:0:38] [#]} ({Better is} 13... Rfb8 $14 )14. Nxe5 $1 $16 (14. dxc5 $6 Qg6 15. O-O Bc8 $11 )(14. Nxc5 $6 Nxc5 15. Qxc5 Qxc5 16. dxc5 f6 $16 )Nxe5 15. dxe5 Qxe5 16. Qxc5 f5 17. Na5 Rab8 18. O-O f4 19. exf4 (19. Nxc6 Bxc6 20. Qxc6 fxe3 $11 )Rxf4 (19... Qxf4 $142 20. Rae1 (20. Nxc6 Bxc6 21. Qxc6 Rxb2 $16 )Ba8 )20. Rae1 $18 (20. Nxc6 $6 Bxc6 21. Qxc6 Rf6 $16 )Re4 21. Rxe4 (21. Nxc6 $6 Bxc6 22. Rxe4 Qxe4 $18 )Qxe4 22. Qa7 {[%emt 0:2:47] Dodges Ba8} (22. Nxc6 Bxc6 23. Qxc6 Rxb2 24. Qc8+ (24. Qxa6 h6 $16 )Kf7 25. Qxa6 Qe7 )Qe5 23. Nxb7 Qc7 {[%emt 0:0:11] [#] Prevents Na5} 24. Qxa6 Rxb7 {[%emt 0:0:36][%mdl 4096] Endgame. KQR-KQR} (24... Qxb7 25. Qxb7 )25. Qe2 h6 26. Re1 Kh7 (26... Rb8 $142 27. h3 Kh8 )27. Qd3+ Kg8 28. Re8+ Kf7 29. Re2 Qd7 {[%emt 0:2:3] Wards off Qf5+} 30. b3 Rb8 31. Qe3 {[%emt 0:2:51] Hoping for Qf4+.} Rb7 32. h3 Rc7 (32... Kg8 {was necessary.} 33. Qe8+ Qxe8 34. Rxe8+ Kf7 )33. Qc5 Rc8 34. a4 Ra8 35. a5 Rb8 36. b4 Rb5 37. Qd4 {[%emt 0:1:2] Threatens to win with a6.} c5 38. bxc5 Rxa5 39. c4 Qc6 40. cxd5 ({Worse is} 40. Qxd5+ Qxd5 41. cxd5 Rxc5 $11 )Qxc5 41. Qf4+ {[%emt 0:50:45] Weighted Error Value: White=0.19 (very precise) /Black=0.56.  Mistake:       	---       	Black=4      Inaccurate:     	---       	Black=2      OK:         	White=20    	Black=5      Best:        	White=1     	Black=1      Strong:       	White=1     	---} 1-0

[Event "57th Biel Festival MTO 2024"]
[White "Khulan,Enkhsaikhan"]
[Black "Hafiz,Arif Abdul"]
[Site "Biel"]
[Round "1.40"]
[Annotator "TA"]
[Result "0-1"]
[Date "2024.07.15"]
[WhiteElo "2063"]
[BlackElo "2367"]
[PlyCount "84"]
[TimeControl "60"]

1. d4 Nf6 2. c4 g6 3. Nc3 d5 4. cxd5 Nxd5 5. e4 Nxc3 6. bxc3 Bg7 7. Nf3 c5 8. Bb5+ Bd7 9. Bxd7+ Qxd7 10. Rb1 O-O 11. O-O Rd8 12. Be3 cxd4 13. cxd4 Nc6 14. d5 Ne5 15. Nxe5 Bxe5 {[%emt 0:0:2] White is slightly better.} 16. Qb3 b6 17. Rbc1 Rac8 18. a4 e6 19. dxe6 Qxe6 20. Qxe6 fxe6 21. f4 Bd6 22. Kf2 Kf7 23. Kf3 Ba3 24. Rxc8 Rxc8 $11 {[%emt 0:0:2][%mdl 4096] Endgame. KRB-KRB} 25. Rd1 Ke8 {[%emt 0:3:8] Inhibits Rd7.} 26. Rd3 Be7 27. f5 exf5 $15 28. exf5 gxf5 29. a5 bxa5 $17 30. Rd5 Rc3 (30... Bb4 $142 {Threatens to win with ...a4.} 31. Re5+ Kd8 32. Rd5+ Ke7 33. Rxf5 a4 34. Bxa7 a3 )31. Rxf5 (31. Rxa5 Bg5 32. Rxa7 Rxe3+ $19 )Bd8 32. Ke4 Bb6 33. Bd2 Rc4+ 34. Kd3 Rd4+ 35. Kc2 a4 36. Rh5 a3 37. Rh3 $2 {[%emt 0:5:4][%mdl 8192] This costs White the game.} (37. Bc3 $1 $11 {and White is okay.} Re4 38. Rxh7 )Rc4+ $19 38. Kb3 {[%emt 0:1:45] [#]} a2 $1 39. Kxa2 Rc2+ 40. Kb3 Rxd2 41. Rxh7 Rxg2 42. h4 Kf8 {[%emt 0:0:11] Weighted Error Value: White=0.33/Black=0.08 (flawless) .  Loses game:     	White=1     	---        Mistake:       	White=2     	Black=1      Inaccurate:     	White=1     	Black=2      OK:         	White=13    	Black=11     Best:        	White=2     	Black=3      Brilliant:      	---       	Black=1} 0-1

[Event "57th Biel Festival MTO 2024"]
[White "Narayanan,Samrug"]
[Black "Monteverde,Jonathan"]
[Site "Biel"]
[Round "1.41"]
[Annotator "RC"]
[Result "1-0"]
[Date "2024.07.15"]
[WhiteElo "2335"]
[BlackElo "2052"]
[PlyCount "85"]
[TimeControl "60"]

1. e4 c5 2. Nf3 d6 3. Bb5+ Nd7 4. a4 Ngf6 5. Nc3 a6 6. Be2 g6 7. a5 Bg7 8. O-O e5 9. d3 h6 10. Nd2 O-O 11. Nc4 Ne8 12. f4 exf4 13. Bxf4 Ne5 14. Nxe5 Bxe5 15. Bxe5 dxe5 16. Qd2 Kg7 17. Na4 Be6 18. Nb6 Rb8 19. Rf2 Nf6 20. Raf1 Nxe4 21. Qe3 Nxf2 22. Qxe5+ Qf6 23. Qxf6+ Kxf6 24. Rxf2+ Kg7 25. Bf3 f5 26. Re2 Rfe8 27. Re5 Kf6 28. Rxc5 Re7 29. d4 Rd8 30. d5 Bf7 31. Kf2 g5 32. g3 g4 33. Be2 Re5 34. c4 Re7 35. b4 Rde8 36. Bf1 Re3 37. d6 Rf3+ 38. Kg2 Re1 39. d7 Rd1 40. Nd5+ Bxd5 41. d8=Q+ Kg6 42. Rxd5 Rdxf1 43. Rd6+ 1-0

[Event "57th Biel Festival MTO 2024"]
[White "Saine,Zachary"]
[Black "Munguntuul,Batkhuyag"]
[Site "Biel"]
[Round "1.42"]
[Annotator "TA"]
[Result "1/2-1/2"]
[Date "2024.07.15"]
[WhiteElo "2035"]
[BlackElo "2376"]
[PlyCount "106"]
[TimeControl "60"]

1. e4 c5 2. Nf3 e6 3. d4 cxd4 4. Nxd4 Nc6 5. Nc3 Qc7 6. Be3 a6 7. a3 b5 8. Nxc6 Qxc6 9. Bd3 Bb7 10. Qd2 Nf6 {[%emt 0:3:41] White is slightly better.} 11. f3 b4 12. Ne2 bxa3 13. bxa3 d5 14. e5 Nd7 15. Nd4 Qc7 16. f4 Be7 17. O-O O-O 18. a4 Nc5 19. a5 f5 20. Rfb1 Bc8 21. Rb6 Bd7 22. Rab1 (22. Qb4 {with more complications.} Kf7 23. Qc3 Qc8 24. Qe1 )Rfc8 23. Qe2 Nxd3 24. Qxd3 Bc5 25. Rxa6 {[%emt 0:2:26] White has more active pieces.} ({Better is} 25. Rb7 $14 Qd8 26. Nxf5 Bxe3+ 27. Nxe3 )Rxa6 (25... Rab8 {is interesting.} 26. Rxb8 Rxb8 27. Kf2 Qc8 )26. Qxa6 Bxd4 27. Bxd4 Qxc2 28. Qb7 Qe4 29. Bf2 Qxf4 {[%emt 0:2:28] [#] ( -> ...Rc1+)} 30. Rf1 Qa4 31. a6 d4 {[%emt 0:2:10] Strongly threatening ...d3.} 32. a7 d3 33. Be3 {[%emt 0:0:40] Prevents d2} h6 34. h3 Re8 35. Rc1 {[%emt 0:0:23] Inhibits Bc6. Black must now prevent Kh1.} d2 $1 36. Bxd2 Qd4+ 37. Kh2 Qxd2 38. a8=Q $4 (38. Rc7 $11 {and White has nothing to worry.} Qf4+ 39. Kg1 (39. Kh1 Qf1+ 40. Kh2 Qf4+ 41. Kg1 Qe3+ 42. Kh2 Qxe5+ 43. Kh1 Bb5 $11 ))Qf4+ $19 39. g3 Qxc1 40. Qa2 (40. Qh1 Qc4 41. Qag2 )Bc6 41. Qbb1 {[%emt 0:2:10] [#] White is weak on the light squares} Qe3 (41... Qg5 $1 $19 42. h4 Qh5 )42. Qxf5 $11 {[%emt 0:2:28] The position is equal.} Kh8 (42... Bd5 $5 43. Qaf2 $8 Qxf2+ 44. Qxf2 Ra8 $11 )43. Qfc2 {[%emt 0:8:54] Some like it hot} Rd8 44. Qxc6 Rd2+ (44... Qxe5 $2 {perishes.} 45. h4 $18 (45. Qcxe6 Rd2+ 46. Kh1 Rd1+ 47. Kg2 Rd2+ 48. Kh1 Rd1+ 49. Kh2 Rd2+ 50. Qxd2 Qxe6 $11 ))45. Qxd2 $1 Qxd2+ {[%emt 0:0:9][%mdl 4096] Endgame. KQ-KQ} 46. Qg2 Qe3 47. Qb2 h5 48. Qb8+ Kh7 {[%emt 0:0:2] And now ...Qf2+ would win.} 49. Qd6 h4 50. gxh4 Qf2+ 51. Kh1 Qf3+ 52. Kh2 $1 Qf2+ 53. Kh1 Qf3+ {[%emt 0:0:5] Weighted Error Value: White=0.24 (precise) /Black=0.24 (precise) .  Loses game:     	White=1     	---        Missed win:     	---       	Black=1      Mistake:       	White=2     	---        Inaccurate:     	White=3     	Black=4      OK:         	White=13    	Black=20     Best:        	White=5     	Black=6      Strong:       	White=2     	Black=1} 1/2-1/2

[Event "57th Biel Festival MTO 2024"]
[White "Padmini,Rout"]
[Black "Kwiatkowski,Jakub"]
[Site "Biel"]
[Round "1.43"]
[Annotator "RC"]
[Result "1-0"]
[Date "2024.07.15"]
[WhiteElo "2348"]
[BlackElo "2024"]
[PlyCount "69"]
[TimeControl "60"]

1. Nf3 Nf6 2. g3 d5 3. Bg2 Bf5 4. O-O h6 5. d3 e6 6. c4 c6 7. cxd5 cxd5 8. Qb3 Qc8 9. Nd4 Bh7 10. Bf4 Nc6 11. Rc1 Qd7 12. Nxc6 bxc6 13. Nd2 Rc8 14. Nf3 Bd6 15. Ne5 Bxe5 16. Bxe5 O-O 17. Bxf6 gxf6 18. Rc5 Rb8 19. Qc3 Qb7 20. b3 Qb4 21. Rc1 Rb5 22. Rxc6 Qxc3 23. R1xc3 a5 24. Ra6 Rfb8 25. Rc7 Bg6 26. f4 Kg7 27. Rxe6 a4 28. Ree7 axb3 29. axb3 f5 30. Bf3 Kf6 31. Kf2 d4 32. Red7 Rxb3 33. h4 h5 34. Rd6+ Kg7 35. Rxd4 1-0

[Event "57th Biel Festival MTO 2024"]
[White "Chen,Muxi"]
[Black "Ayush Sharma"]
[Site "Biel"]
[Round "1.44"]
[Annotator "RC"]
[Result "0-1"]
[Date "2024.07.15"]
[WhiteElo "1954"]
[BlackElo "2325"]
[PlyCount "66"]
[TimeControl "60"]

1. e4 c5 2. Nf3 d6 3. d4 cxd4 4. Nxd4 Nf6 5. Nc3 a6 6. Be2 e5 7. Nb3 Be7 8. Be3 Be6 9. Nd5 Nbd7 10. Qd3 Bxd5 11. exd5 Rc8 12. c4 O-O 13. O-O a5 14. Rad1 a4 15. Nd2 Nc5 16. Qa3 Nfd7 17. Nb1 Bg5 18. Bxg5 Qxg5 19. Nc3 f5 20. Nb5 Qe7 21. b4 axb3 22. axb3 Nf6 23. b4 Ncd7 24. Qb3 Kh8 25. Ra1 f4 26. f3 Qd8 27. Kh1 Nh5 28. Nxd6 Ng3+ 29. Kg1 Nxe2+ 30. Kf2 Nd4 31. Qd3 Rb8 32. Ne4 Qb6 33. Rfb1 Nc2+ 0-1

[Event "57th Biel Festival MTO 2024"]
[White "Sukandar,Irine Kharisma"]
[Black "Selinga,Jan"]
[Site "Biel"]
[Round "1.45"]
[Annotator "RC"]
[Result "1-0"]
[Date "2024.07.15"]
[WhiteElo "2338"]
[BlackElo "2023"]
[PlyCount "111"]
[TimeControl "60"]

1. Nf3 g6 2. e4 c5 3. d4 cxd4 4. Nxd4 Bg7 5. c4 Nc6 6. Nc2 Nf6 7. Nc3 O-O 8. Be2 b6 9. O-O Bb7 10. Rb1 Rc8 11. b3 d6 12. Bb2 Nb8 13. f3 a6 14. Kh1 Nbd7 15. Qd2 h5 16. Nb4 a5 17. Nbd5 Nxd5 18. exd5 Nc5 19. Nb5 Ra8 20. Bxg7 Kxg7 21. Rbe1 Bc8 22. Bd3 Bd7 23. Nd4 e5 24. dxe6 fxe6 25. Bb1 Qf6 26. Ne2 d5 27. Rc1 dxc4 28. Rxc4 Bb5 29. Rf4 Qe7 30. Re1 e5 31. Rxf8 Qxf8 32. Nc3 Bc6 33. Rxe5 Re8 34. Rxe8 Qxe8 35. Qd4+ Kh6 36. h3 Qe1+ 37. Kh2 h4 38. Qd6 Ne6 39. Be4 Qxc3 40. Qxe6 Be8 41. Qxe8 Qc7+ 42. f4 Qxf4+ 43. Kg1 Qc1+ 44. Kf2 Qb2+ 45. Kf3 Qc3+ 46. Ke2 Qb2+ 47. Kd3 Qb1+ 48. Kd2 Qb2+ 49. Bc2 Qf6 50. Qe3+ Kh7 51. Ke2 Qd8 52. Bd3 Qf6 53. Qe4 Qb2+ 54. Kf3 Qf6+ 55. Kg4 Kg7 56. Qxg6+ 1-0

[Event "57th Biel Festival MTO 2024"]
[White "Matsumura,Cocoro"]
[Black "Ritviz,Parab"]
[Site "Biel"]
[Round "1.46"]
[Annotator "RC"]
[Result "0-1"]
[Date "2024.07.15"]
[WhiteElo "2032"]
[BlackElo "2334"]
[PlyCount "60"]
[TimeControl "60"]

1. e4 c5 2. Nf3 a6 3. Nc3 d6 4. d4 cxd4 5. Nxd4 e6 6. Be3 Nf6 7. g4 e5 8. Nf5 g6 9. g5 gxf5 10. gxf6 f4 11. Bc1 Be6 12. b3 Nd7 13. Bb2 Nxf6 14. Qd3 Qb6 15. Bh3 Rc8 16. Bxe6 fxe6 17. Qh3 Kf7 18. O-O-O Qxf2 19. Rhe1 Rg8 20. Kb1 Qg2 21. Qd3 Qxh2 22. Ne2 Qg2 23. Nxf4 exf4 24. e5 dxe5 25. Rxe5 Be7 26. Rxe6 Kxe6 27. Re1+ Kf7 28. Qd4 Qxc2+ 29. Ka1 Qf5 30. Re5 Qxe5 0-1

[Event "57th Biel Festival MTO 2024"]
[White "Haimovich,Tal"]
[Black "Pisan,Kai"]
[Site "Biel"]
[Round "1.47"]
[Annotator "RC"]
[Result "1-0"]
[Date "2024.07.15"]
[WhiteElo "2330"]
[BlackElo "1950"]
[PlyCount "129"]
[TimeControl "60"]

1. e4 c6 2. d3 d5 3. Nd2 e5 4. Ngf3 Bd6 5. g3 Nf6 6. Bg2 O-O 7. O-O Bg4 8. h3 Bxf3 9. Qxf3 Nbd7 10. Nb3 Qc7 11. Bd2 Rfe8 12. h4 Rad8 13. Rad1 h6 14. Bc1 Be7 15. Rfe1 Nf8 16. c3 dxe4 17. dxe4 b5 18. Qe2 a5 19. Nd2 Bc5 20. Nf1 Ne6 21. Ne3 g6 22. Qf3 Qe7 23. Bh3 h5 24. Nc2 Kg7 25. a3 Bb6 26. b4 axb4 27. axb4 Rxd1 28. Rxd1 Ra8 29. Be3 Bxe3 30. Qxe3 Rd8 31. Rxd8 Nxd8 32. Ne1 Qd6 33. Nd3 Ne6 34. Bf1 Ng4 35. Qa7 Nf6 36. f3 Qd7 37. Qb8 Nc7 38. Nxe5 Qd6 39. Qh8+ Kxh8 40. Nxf7+ Kg7 41. Nxd6 Kf8 42. Nb7 Ke7 43. Kf2 Ne6 44. Ke3 Nd7 45. Bh3 Ne5 46. Na5 Nd8 47. f4 Nef7 48. g4 hxg4 49. Bxg4 Kd6 50. e5+ Kc7 51. Ke4 Nh6 52. Bh3 Ng8 53. f5 gxf5+ 54. Bxf5 Ne7 55. h5 Nf7 56. Bg6 Ng5+ 57. Kf4 Ne6+ 58. Kg4 Nd5 59. Bf7 Ne3+ 60. Kf3 Ng5+ 61. Kxe3 Nxf7 62. Kf4 Nd8 63. h6 Kd7 64. h7 Nf7 65. Kf5 1-0

[Event "57th Biel Festival MTO 2024"]
[White "Woltery,Nicolai"]
[Black "Smeets,Kobe"]
[Site "Biel"]
[Round "1.48"]
[Annotator "RC"]
[Result "1/2-1/2"]
[Date "2024.07.15"]
[WhiteElo "2016"]
[BlackElo "2324"]
[PlyCount "65"]
[TimeControl "60"]

1. c4 c6 2. d4 d5 3. cxd5 cxd5 4. Bf4 Nc6 5. e3 Nf6 6. Bd3 a6 7. Nc3 e6 8. h3 Bd6 9. Bxd6 Qxd6 10. f4 g5 11. Nge2 Rg8 12. O-O g4 13. h4 Bd7 14. g3 Rc8 15. Rc1 Na5 16. e4 dxe4 17. Nxe4 Nxe4 18. Rxc8+ Bxc8 19. Bxe4 Bd7 20. Bxh7 Rh8 21. Be4 Bb5 22. Re1 Nc6 23. Bxc6+ Bxc6 24. Nc3 Bf3 25. Qd2 Kf8 26. Ne4 Qb6 27. Qc3 Kg7 28. Qc5 Qxb2 29. Qe5+ Kg8 30. Qg5+ Kf8 31. Qd8+ Kg7 32. Qf6+ Kg8 33. Qg5+ 1/2-1/2